 Dungeon Crawl Stone Soup version 0.22.0-5-gf09313c8f9 (webtiles) character file.

2023 Htamos the Skirmisher (level 9, -3/72 HPs)
             Began as a Mummy Abyssal Knight on Aug 13, 2018.
             Was a Priest of Lugonu.
             Slain by a killer bee (6 damage)
             ... on level 7 of the Dungeon.
             The game lasted 00:12:52 (10681 turns).

Htamos the Skirmisher (Mummy Abyssal Knight)       Turns: 10681, Time: 00:12:53

Health: -3/72      AC: 13    Str: 18    XL:     9   Next: 3%
Magic:  13/13      EV:  5    Int: 12    God:    Lugonu [***...]
Gold:   426        SH:  0    Dex: 11    Spells: 8/8 levels left

rFire    x . .     SeeInvis .   C - +2 falchion (elec)
rCold    + . .     Gourm    .   (no shield)
rNeg     + + +     Faith    .   B - +0 plate armour
rPois    ∞         Spirit   .   u - +0 helmet
rElec    .         Reflect  .   (no cloak)
rCorr    .         Harm     .   (no gloves)
MR       +....                  (no boots)
Stlth    ..........             (no amulet)
HPRegen  0.22/turn              (no ring)
MPRegen  0.13/turn              (no ring)

@: no status effects
A: no food or potions, fire vulnerability, cold resistance 1, negative energy
resistance 3, torment resistance, unbreathing
a: Depart the Abyss, Bend Space, Banish, Renounce Religion


You were on level 7 of the Dungeon.
You worshipped Lugonu.
Lugonu was most pleased with you.
You were not hungry.

You visited 1 branch of the dungeon, and saw 7 of its levels.
You visited the Abyss 1 time.

You collected 426 gold pieces.

Inventory:

Hand Weapons
 a - a +1 mace
 p - a +2 antimagic dagger
 q - a +0 antimagic war axe
 v - a +0 flail
 C - a +2 falchion of electrocution (weapon)
Missiles
 d - 289 stones (quivered)
Armour
 b - a +0 leather armour
 f - a +0 helmet
 s - a +0 ring mail
 u - a +0 helmet (worn)
 w - a +0 scale mail
 z - a +0 chain mail
 B - a +0 plate armour (worn)
Jewellery
 k - an uncursed ring of resist corrosion {unknown}
 m - an uncursed ring of ice {unknown}
 n - an uncursed ring of wizardry {unknown}
 x - an uncursed ring of protection from cold {unknown}
 A - an uncursed ring of positive energy {unknown}
Wands
 o - a wand of paralysis (8)
 t - a wand of flame (23)
Scrolls
 c - 2 scrolls of amnesia {unknown}
 e - a scroll of blinking {unknown}
 g - 3 scrolls of random uselessness {unknown}
 h - 3 scrolls of teleportation {unknown}
 i - 4 scrolls of identify {unknown}
 j - a scroll of fear {unknown}
 l - 5 scrolls of remove curse {unknown}
 r - 5 scrolls of magic mapping {unknown}
 y - 2 scrolls of immolation {unknown}


   Skills:
 * Level 7.1 Fighting
 + Level 5.0 Maces & Flails
 + Level 4.9 Armour
 - Level 0.7 Dodging
 + Level 5.3 Invocations


You had 8 spell levels left.
You didn't know any spells.
Your spell library contained the following spells:

 Spells                   Type           Power        Failure   Level  Hunger
 Magic Dart               Conj           #...         100%        1    N/A
 Conjure Flame            Conj/Fire      #.......     100%        3    N/A
 Slow                     Hex            #.......     100%        2    N/A
 Mephitic Cloud           Conj/Pois/Air  #.......     100%        3    N/A
 Blink                    Tloc           N/A          100%        2    N/A
 Call Imp                 Summ           #.......     100%        2    N/A

Dungeon Overview and Level Annotations

Branches:
Dungeon (7/15)             Temple (0/1) D:5

Altars:
Elyvilon
Fedhas
Hepliaklqana
Makhleb
Qazlal
Trog
Wu Jian
Zin

Shops:
D:6 *

Annotations:
D:1 exclusion: downstairs
D:3 exclusion: downstairs
D:7 2 exclusions
Abyss:1 Sigmund


Innate Abilities, Weirdness & Mutations

You do not eat or drink.
Your flesh is vulnerable to fire.
You are immune to poison.
Your flesh is cold resistant. (rC+)
You are immune to negative energy. (rN+++)
You are immune to unholy pain and torment.
You can survive without breathing.


Message History

The killer bee barely misses you. The killer bee stings you.
* * * LOW HITPOINT WARNING * * *
The killer bee stings you but does no damage.
The killer bee stings you but does no damage. x3
The killer bee stings you but does no damage.
The killer bee stings you but does no damage.
The killer bee stings you.
* * * LOW HITPOINT WARNING * * *
The killer bee stings you.
* * * LOW HITPOINT WARNING * * *
The killer bee stings you but does no damage.
The killer bee stings you.
* * * LOW HITPOINT WARNING * * *
There is a stone staircase leading up here.
The killer bee stings you.
* * * LOW HITPOINT WARNING * * *
The killer bee stings you but does no damage. x2
The killer bee barely misses you.
You riposte.
You barely miss the killer bee. The killer bee stings you.
You die...

#.#.####...
#.#.#####..
######.#........
###..%..........))
#.....##.########)
###.....##.## #[
............## #†
###yy........## #.
#@yy........#####.
###.....>.........
#.#.......#####.
#........## #.
#####...## #.
#...# #% ##.#.# #.
########....# #.
.........>..# #.


You could see 4 killer bees.

Vanquished Creatures
  A hungry ghost (D:4)
  A phantom (D:7)
  An orc warrior (D:6)
  2 eyes of draining (D:3)
  2 bullfrogs
  2 scorpions
  A killer bee (D:7)
  3 wights (D:7)
  2 crimson imps
  A centaur zombie (D:6)
  A bullfrog zombie (D:6)
  A jelly (D:5)
  3 hounds
  4 orc wizards
  A bullfrog skeleton (D:5)
  A centaur skeleton (D:5)
  Ijyb (D:3)
  Terence (D:4)
  An iguana (D:7)
  8 worker ants
  A hound skeleton (D:5)
  6 gnolls
  13 adders
  3 oozes
  A worm (D:2)
  3 dart slugs
  4 leopard geckos
  16 orcs
  2 ball pythons
  5 giant cockroaches
  7 goblins
  8 hobgoblins
  5 jackals
  2 quokkas
  8 bats
  3 frilled lizards
  A jackal skeleton (D:4)
  11 kobolds
  A leopard gecko skeleton (D:4)
  A leopard gecko zombie (D:5)
  6 rats
145 creatures vanquished.

Vanquished Creatures (others)
  An ogre (D:5)
  An orc wizard (D:7)
2 creatures vanquished.

Grand Total: 147 creatures vanquished

Notes
Turn   | Place    | Note
-------+----------+-------------------------------------------
     0 | Abyss:1  | Htamos the Mummy Abyssal Knight began the quest for the Orb.
     0 | Abyss:1  | Reached XP level 1. HP: 18/18 MP: 2/2
     7 | Abyss:1  | Noticed a lich
    12 | D:1      | Escaped the Abyss
   328 | D:1      | Reached XP level 2. HP: 24/24 MP: 3/3
   969 | D:1      | Reached ** piety under Lugonu
  1278 | D:2      | Noticed Terence
  1296 | D:1      | Reached XP level 3. HP: 12/29 MP: 4/4
  2131 | D:2      | Reached XP level 4. HP: 30/36 MP: 5/5
  2611 | D:2      | Found an ornate altar of the Wu Jian Council.
  2851 | D:2      | Reached XP level 5. HP: 33/42 MP: 6/6
  3091 | D:3      | Noticed Ijyb
  3092 | D:3      | Paralysed by Ijyb for 4 turns
  3110 | D:3      | Paralysed by Ijyb for 6 turns
  3128 | D:3      | Killed Ijyb
  3128 | D:3      | Reached skill level 4 in Fighting
  3644 | D:3      | Noticed an eye of draining
  3644 | D:3      | Noticed an eye of draining
  3679 | D:3      | Killed an eye of draining
  3679 | D:3      | Reached XP level 6. HP: 46/49 MP: 0/8
  3680 | D:3      | Found a bloodstained altar of Trog.
  5441 | D:4      | Reached XP level 7. HP: 53/55 MP: 9/9
  5479 | D:4      | Reached *** piety under Lugonu
  5523 | D:4      | Noticed Sigmund
  5524 | D:4      | Banished Sigmund
  5607 | D:4      | Found a stormy altar of Qazlal.
  5716 | D:4      | Found a blossoming altar of Fedhas.
  5719 | D:4      | Noticed a hungry ghost
  5788 | D:4      | Reached skill level 5 in Fighting
  5804 | D:4      | Killed a hungry ghost
  6081 | D:4      | Killed Terence
  6184 | D:4      | Found a hazy altar of Hepliaklqana.
  6215 | D:5      | Entered Level 5 of the Dungeon
  6734 | D:5      | Found a staircase to the Ecumenical Temple.
  6745 | D:5      | Reached XP level 8. HP: 27/63 MP: 6/11
  8429 | D:6      | Found Zazayclu's General Store.
  8815 | D:6      | Found a glowing silver altar of Zin.
  8906 | D:6      | Found a burning altar of Makhleb.
  8906 | D:6      | Noticed a balrug
  8969 | D:6      | Noticed an orange demon
  8969 | D:6      | Noticed a hellwing
  8990 | D:6      | Reached skill level 6 in Fighting
  9509 | D:7      | Found a white marble altar of Elyvilon.
  9906 | D:6      | Reached skill level 5 in Invocations
 10294 | D:7      | Reached skill level 7 in Fighting
 10420 | D:7      | Reached skill level 5 in Maces & Flails
 10428 | D:7      | Reached XP level 9. HP: 49/72 MP: 11/13
 10681 | D:7      | HP: 3/72 [killer bee (5)]
 10681 | D:7      | Slain by a killer bee

Skill      XL: |  1  2  3  4  5  6  7  8 |
---------------+-------------------------+-----
Invocations    | 2 3 4 5 |  5.3
Maces & Flails | 2 3 4 5 |  5.0
Armour         | 2 3 4 |  4.9
Fighting       | 4 5 7 |  7.1
Dodging        | |  0.7

Action                   |  1- 3 |  4- 6 |  7- 9 || total
-------------------------+-------+-------+-------++-------
Melee: Mace              |   119 |   281 |    15 ||   415
       Flail             |       |       |   383 ||   383
       Falchion          |       |       |    31 ||    31
Invok: Banish            |       |       |     4 ||     4
       Bend Space        |       |       |     1 ||     1
Evoke: Wand              |       |       |     3 ||     3
 Stab: Paralysed         |       |       |     5 ||     5
Armor: Leather armour    |    29 |    91 |       ||   120
       Ring mail         |       |    17 |    26 ||    43
       Scale mail        |       |       |    59 ||    59
       Chain mail        |       |       |    63 ||    63
       Plate armour      |       |       |    97 ||    97
Dodge: Dodged            |    86 |   185 |   216 ||   487
       Rpst.: Falchion   |       |       |     3 ||     3
